AoeStats
← Pharaoh536

Black Forest

508271547Analyzed
4v4 RM · 10d ago on Sep 21, 2026· 72m 52s· 8 players
Game mode
Random Map
Map size
Large (8 player)
Population
200
Speed
Normal
Resources
Standard
Victory
Conquest
Starting age
Dark Age
Ending age
Imperial Age
RankedLock teamsTeams togetherTeam positionsShared explorationLock speedFull tech treeHidden civsTurbo modeCheats
Victory
Defeat
🇹🇷 Turks · Türkiye
881
+17
🇿🇦 Britons · South Africa
870
+18
🇷🇺 Persians · Russia
847
+19
🇷🇺 Bohemians · Russia
812
+19
🇵🇱 Huns · Poland
927
-19
🇱🇺 Britons · Luxembourg
919
-19
🇵🇸 Vietnamese · Palestinian Territories
913
-19
🇪🇸 Tatars · Spain
858
-16
Fatih Sultan MEHMET
4:50 Loom
13:08 Feudal Age
14:36 Wheelbarrow
17:21 Castle Age
15:07 Horse Collar
15:16 Double-Bit Axe
16:52 Gold Mining
17:24 Stone Mining
19:50 Bow Saw
22:44 Treadmill Crane
24:49 Heavy Plow
27:31 Hand Cart
27:08 Town Watch
32:40 Imperial Age
31:01 Bloodlines
30:52 Husbandry
31:17 Ballistics
31:38 Caravan
31:51 Scale Barding Armor
33:29 Artillery
34:15 Masonry
34:24 Fervor
34:40 Chain Barding Armor
34:32 Forging
36:08 Conscription
36:25 Architecture
36:29 Thumb Ring
36:50 Parthian Tactics
35:46 Heavy Cavalry Archer
37:38 Plate Barding Armor
39:08 Guilds
39:17 Fletching
39:28 Padded Archer Armor
41:24 Two-Man Saw
41:05 Gold Shaft Mining
40:49 Bodkin Arrow
41:10 Leather Archer Armor
42:03 Iron Casting
41:41 Heavy Camel Rider
48:09 Sipahi
50:34 Bracer
51:05 Ring Archer Armor
54:42 Blast Furnace
62:39 Scale Mail Armor
65:24 Chain Mail Armor
65:33 Bombard Tower
unknxwwwn
12:52 Feudal Age
15:26 Horse Collar
15:32 Double-Bit Axe
18:41 Stone Mining
18:41 Gold Mining
22:32 Castle Age
24:28 Bow Saw
24:20 Heavy Plow
27:18 Wheelbarrow
27:38 Caravan
27:42 Padded Archer Armor
27:32 Fletching
27:15 Crossbowman
28:42 Town Watch
30:13 Hand Cart
32:27 Thumb Ring
32:26 Kamandaran
36:09 Imperial Age
34:54 Leather Archer Armor
34:34 Bodkin Arrow
35:45 Scale Barding Armor
35:52 Forging
36:08 Husbandry
36:20 Bloodlines
36:52 Conscription
36:37 Town Patrol
36:22 Loom
37:08 Murder Holes
37:36 Ballistics
38:23 Chemistry
37:34 Masonry
38:28 Two-Man Saw
37:56 Citadels
37:32 Cavalier
40:54 Savar
43:53 Crop Rotation
44:01 Stone Shaft Mining
44:01 Gold Shaft Mining
44:40 Chain Barding Armor
44:56 Iron Casting
45:24 Architecture
46:26 Elite War Elephant
49:47 Light Cavalry
51:15 Hussar
54:24 Hoardings
56:19 Plate Barding Armor
56:46 Blast Furnace
55:29 Elite Skirmisher
Royce
0:42 Loom
12:40 Feudal Age
13:58 Wheelbarrow
13:34 Horse Collar
15:54 Double-Bit Axe
22:28 Castle Age
22:39 Scale Mail Armor
22:50 Forging
23:43 Hand Cart
24:30 Heavy Plow
24:42 Bow Saw
27:30 Pikeman
28:12 Squires
27:58 Arson
34:08 Imperial Age
34:53 Halberdier
36:30 Iron Casting
36:10 Chain Mail Armor
36:59 Two-Man Saw
37:42 Chemistry
37:02 Ballistics
39:23 Houfnice
56:55 Blast Furnace
55:46 Fletching
55:57 Padded Archer Armor
Link
0:31 Loom
12:36 Feudal Age
17:19 Double-Bit Axe
21:16 Castle Age
19:25 Stone Mining
19:25 Gold Mining
30:33 Gold Shaft Mining
31:33 Bow Saw
32:16 Fortified Wall
33:51 Horse Collar
39:14 Imperial Age
37:34 Fletching
37:44 Padded Archer Armor
38:09 Ballistics
38:50 Bodkin Arrow
41:06 Conscription
41:31 Wheelbarrow
42:24 Yeomen
44:09 Bracer
44:24 Leather Archer Armor
45:12 Chemistry
45:33 Illumination
45:32 Sanctity
45:25 Fervor
45:32 Block Printing
45:27 Elite Longbowman
50:06 Warwolf
50:53 Hand Cart
50:58 Pikeman
51:56 Forging
51:46 Scale Mail Armor
52:17 Ring Archer Armor
52:06 Heavy Plow
51:53 Halberdier
52:34 Squires
56:01 Iron Casting
55:42 Chain Mail Armor
56:31 Two-Man Saw
64:53 Arson
Pharaoh536
11:50 Feudal Age
16:13 Castle Age
15:36 Double-Bit Axe
15:42 Horse Collar
18:06 Bow Saw
21:17 Heavy Plow
25:51 Ballistics
26:20 Caravan
27:23 Yeomen
31:00 Imperial Age
29:03 Padded Archer Armor
28:57 Fletching
31:17 Bodkin Arrow
31:38 Leather Archer Armor
32:03 Ballistics
32:44 Chemistry
34:19 Bracer
34:50 Ring Archer Armor
36:46 Elite Longbowman
49:16 Pikeman
51:53 Halberdier
52:35 Squires
52:50 Forging
52:40 Scale Mail Armor
Osiedlowy wariacik
11:26 Feudal Age
20:19 Castle Age
33:57 Padded Archer Armor
33:47 Fletching
38:34 Imperial Age
41:50 Wheelbarrow
42:39 Chemistry
44:04 Ballistics
44:20 Parthian Tactics
49:32 Conscription
52:55 Heavy Cavalry Archer
53:45 Gold Mining
55:26 Leather Archer Armor
58:38 Bodkin Arrow
Chorche
0:41 Loom
14:59 Feudal Age
16:23 Wheelbarrow
18:47 Double-Bit Axe
19:19 Horse Collar
20:27 Gold Mining
21:58 Stone Mining
25:11 Castle Age
24:43 Town Watch
27:45 Bow Saw
28:20 Heavy Plow
29:18 Hand Cart
38:54 Imperial Age
37:47 Silk Armor
39:10 Gold Shaft Mining
38:38 Caravan
39:01 Husbandry
39:11 Bloodlines
39:15 Fervor
39:52 Block Printing
40:09 Forging
40:05 Scale Barding Armor
39:51 Fletching
40:02 Padded Archer Armor
40:21 Timurid Siegecraft
40:31 Conscription
39:34 Elite Keshik
40:31 Town Patrol
41:48 Elite Steppe Lancer
47:43 Ballistics
48:24 Chemistry
47:30 Siege Engineers
46:50 Elite Skirmisher
48:52 Iron Casting
48:38 Chain Barding Armor
49:42 Bodkin Arrow
50:02 Leather Archer Armor
53:16 Onager
54:35 Plate Barding Armor
55:01 Blast Furnace
56:20 Bombard Tower
59:46 Sappers
60:53 Imperial Skirmisher
67:47 Heavy Scorpion
69:07 Bracer
69:38 Ring Archer Armor
70:51 Heavy Camel Rider
Man
0:29 Loom
12:18 Feudal Age
12:46 Horse Collar
12:53 Double-Bit Axe
13:46 Wheelbarrow
19:37 Castle Age
17:31 Gold Mining
20:53 Bow Saw
20:56 Fletching
21:06 Padded Archer Armor
21:38 Heavy Plow
25:31 Leather Archer Armor
29:32 Hand Cart
29:32 Chatras
30:00 Bodkin Arrow
29:59 Stone Mining
30:43 Husbandry
30:53 Bloodlines
30:08 Elite Skirmisher
31:01 Forging
30:51 Scale Mail Armor
30:56 Scale Barding Armor
31:18 Caravan
35:01 Imperial Age
33:28 Iron Casting
33:08 Chain Mail Armor
33:46 Stone Shaft Mining
33:00 Town Watch
34:27 Ballistics
34:24 Chain Mail Armor
34:29 Chain Barding Armor
36:15 Paper Money
37:10 Chemistry
36:29 Elite Battle Elephant
38:22 Elite Rattan Archer
39:11 Bracer
45:22 Ring Archer Armor
44:42 Light Cavalry
50:11 Imperial Skirmisher
55:26 Devotion
60:37 Pikeman
61:18 Squires
63:24 Hoardings
67:15 Two-Man Saw
Connection lost

Rejoining the realm…

Still unreachable

The connection could not be restored.

Session expired

The server has moved on; the page needs a fresh start.